 Dungeon Crawl Stone Soup version 0.25-a0-410-g53dbb631d1 (webtiles) character file.

Game seed: 18397388352731083600, levelgen mode: deterministic

1354 treziel the Grappler (level 8, -2/79 HPs)
             Began as a Troll Monk on Jan 13, 2020.
             Slain by a bullfrog (5 damage)
             ... on level 7 of the Dungeon.
             The game lasted 00:18:01 (4899 turns).

treziel the Grappler (Troll Monk)                   Turns: 4899, Time: 00:18:02

Health: -2/79      AC: 12    Str: 22    XL:     8   Next: 37%
Magic:  7/7        EV: 10    Int:  6    God:
Gold:   302        SH:  0    Dex: 12    Spells: 7/7 levels left

rFire    . . .     SeeInvis .     - Unarmed
rCold    . . .     Gourm    +   (no shield)
rNeg     . . .     Faith    +   a - +0 robe
rPois    .         Spirit   .   (helmet restricted)
rElec    .         Reflect  .   v - scarf {cloud immunity}
rCorr    .         Harm     .   (gloves unavailable)
MR       .....                  (boots unavailable)
Stlth    ++........             k - amulet of faith
HPRegen  0.63/turn              i - +6 ring of protection
MPRegen  0.10/turn              (no ring)

@: no status effects
A: large, unfitting armour, claws 3, fast metabolism 3, gourmand, regeneration
1, shaggy fur 1, tough skin 3
a: no special abilities


You were on level 7 of the Dungeon.
You were not hungry.

You visited 1 branch of the dungeon, and saw 7 of its levels.

You collected 302 gold pieces.

Inventory:

Armour
 a - a +0 robe (worn)
 v - a scarf of cloud immunity (worn)
Jewellery
 i - a +6 ring of protection (left claw)
 k - an amulet of faith (around neck)
Wands
 u - a wand of clouds (4)
Scrolls
 c - a scroll of remove curse {unknown}
 d - 3 scrolls of enchant weapon
 e - a scroll of immolation
 h - a scroll of noise {unknown}
 j - 2 scrolls of identify
 l - a scroll of random uselessness
 o - a scroll of fog {unknown}
 s - a scroll of magic mapping {unknown}
Potions
 f - a potion of mutation {unknown}
 g - 3 potions of resistance
 m - a potion of haste {unknown}
 n - a potion of flight {unknown}
 p - a potion of cancellation {unknown}
 r - a potion of brilliance {unknown}
 t - a potion of curing
Comestibles
 b - 13 rations


   Skills:
 * Level 4.6 Fighting
 - Level 2.4 Dodging
 - Level 1.0 Stealth
 + Level 9.6 Unarmed Combat


You had 7 spell levels left.
You didn't know any spells.
Your spell library contained the following spells:

 Spells                   Type           Power        Failure   Level  Hunger
 Animate Skeleton         Necr           N/A          45%         1    ##.....
 Apportation              Tloc           #.....       45%         1    ##.....
 Corona                   Hex            #......      45%         1    ##.....
 Summon Small Mammal      Summ           #...         45%         1    ##.....


Dungeon Overview and Level Annotations

Branches:
Dungeon (7/15)
 Temple: D:4-7

Altars:
Ashenzari
Hepliaklqana

Annotations:
D:2 Sigmund
D:4 3 runed translucent doors, Grizz's ghost, amateur MiFi
D:5 2 transporters
D:6 Prince Ribbit


Innate Abilities, Weirdness & Mutations

You are too large for most types of armour.
You have claws for hands.
Your metabolism is lightning-fast.
You like to eat raw meat.
Your natural rate of healing is unusually fast.
You are covered in fur. (AC +1)
You have extremely tough skin. (AC +3)


Message History

The bullfrog barely misses you.
You miss the bullfrog.
The bullfrog is severely wounded.
The bullfrog hits you!
* * * LOW HITPOINT WARNING * * *
You claw the bullfrog!
The bullfrog is almost dead.
The bullfrog barely misses you.
You closely miss the bullfrog.
The bullfrog is almost dead.
The bullfrog barely misses you.
You barely miss the bullfrog.
The bullfrog is almost dead.
The bullfrog hits you.
* * * LOW HITPOINT WARNING * * *
You closely miss the bullfrog.
The bullfrog is almost dead.
The bullfrog hits you but does no damage.
The bullfrog hits you.
You die...

###########.####
........@.......
######F###.####
#H# #S# #.# #.#
... #.. #...


You could see a hippogriff, a bullfrog and an adder.

Vanquished Creatures
  Grinder (D:4)
  An ice beast (D:5)
  A sky beast (D:7)
  A phantom (D:3)
  An ogre (D:4)
  A centaur (D:5)
  A howler monkey (D:4)
  A crimson imp (D:5)
  3 hounds
  A jelly (D:5)
  A bullfrog skeleton (D:5)
  3 worker ants
  Natasha (thrice) (D:2)
  An orc wizard (D:5)
  A killer bee zombie (D:5)
  A hound skeleton (D:4)
  A hound zombie (D:5)
  11 gnolls
  4 adders
  2 shadow imps (D:5)
  4 oozes
  An adder skeleton (D:5)
  4 worms
  A dart slug (D:1)
  2 leopard geckos (D:1)
  9 orcs
  2 ball pythons
  8 bats
  6 giant cockroaches
  11 goblins
  8 hobgoblins
  3 quokkas
  5 frilled lizards (D:3)
  6 kobolds
  8 rats
118 creatures vanquished.

Notes
Turn   | Place    | Note
-------+----------+-------------------------------------------
     0 | D:1      | treziel the Troll Monk began the quest for the Orb.
     0 | D:1      | Reached XP level 1. HP: 22/22 MP: 0/0
   107 | D:1      | Reached XP level 2. HP: 29/29 MP: 1/1
   675 | D:2      | Reached XP level 3. HP: 36/36 MP: 2/2
   741 | D:2      | Reached skill level 4 in Unarmed Combat
   838 | D:2      | Found a hazy altar of Hepliaklqana.
   839 | D:2      | Noticed Natasha
   840 | D:2      | Reached XP level 4. HP: 42/45 MP: 3/3
   849 | D:2      | Killed Natasha
  1006 | D:2      | Noticed Natasha
  1016 | D:2      | Killed Natasha
  1016 | D:2      | Reached skill level 5 in Unarmed Combat
  1016 | D:2      | Reached XP level 5. HP: 44/53 MP: 4/4
  1163 | D:2      | Noticed Natasha
  1167 | D:2      | Killed Natasha
  1177 | D:2      | Noticed Sigmund
  1578 | D:3      | Noticed a phantom
  1638 | D:3      | Killed a phantom
  1732 | D:3      | Reached XP level 6. HP: 55/61 MP: 5/5
  1744 | D:3      | Reached skill level 6 in Unarmed Combat
  2161 | D:3      | Found a faded altar of an unknown god.
  3020 | D:4      | Found a shattered altar of Ashenzari.
  3045 | D:4      | Reached skill level 7 in Unarmed Combat
  3045 | D:4      | Reached XP level 7. HP: 62/68 MP: 6/6
  3347 | D:4      | Found a runed translucent gate.
  3347 | D:4      | Found a runed translucent gate.
  3348 | D:4      | Found a runed translucent gate.
  3348 | D:4      | Identified the +5 whip of Fatigue {drain, rF+ rN+ MR-}
  3348 | D:4      | Noticed Grizz's ghost (amateur MiFi)
  3428 | D:5      | Entered Level 5 of the Dungeon
  3756 | D:5      | Reached skill level 8 in Unarmed Combat
  3820 | D:5      | Found a transporter.
  3912 | D:5      | Noticed Grinder
  3916 | D:5      | Paralysed by Grinder for 2 turns
  3928 | D:4      | Killed Grinder
  3928 | D:4      | Reached skill level 9 in Unarmed Combat
  3928 | D:4      | Reached XP level 8. HP: 33/79 MP: 7/7
  4155 | D:5      | Found a transporter.
  4784 | D:6      | Noticed Prince Ribbit
  4878 | D:7      | Noticed a hippogriff
  4895 | D:7      | HP: 2/79 [bullfrog (8)]
  4899 | D:7      | Slain by a bullfrog

Levels and vault maps discovered:
D:1:      doesnt_arrival_eight_statues, layout_loops_ring
D:2:      layout_loops_ring, lemuel_crystal_altar, serial_glass,
          glass_columns_a, glass_columns_a, first_ration, uniq_sigmund,
          uniq_natasha
D:3:      minmay_skewed_foursquare, layout_basic,
          chequers_ecumenical_altar_simple_redux, minmay_goblin_outpost
D:4:      layout_cave_pools, ashenzari_conservatory_becter,
          gammafunk_ghost_nasty_kobolds
D:5:      gammafunk_cloud_chamber, layout_cave_pods, serial_glass,
          glass_columns_a, glass_columns_b, minivault_23, uniq_grinder
D:6:      layout_gridville, portal_sewer_entry_e, basic_altar,
          uniq_prince_ribbit1, uniq_eustachio
D:7:      layout_loops_ring, minmay_temple_entry_gardened_gates,
          gammafunk_ghost_berserking_beasts, grunt_livestock

Skill      XL: |  1  2  3  4  5  6  7 |
---------------+----------------------+-----
Fighting       | 3 4 |  4.6
Unarmed Combat | 4 5 7 9 |  9.6
Dodging        | |  2.4
Stealth        | |  1.0

Action                   |  1- 3 |  4- 6 |  7- 9 || total
-------------------------+-------+-------+-------++-------
Melee: Unarmed           |    80 |   159 |   100 ||   339
       Punch             |       |     5 |     3 ||     8
  Use: Scroll            |       |       |     5 ||     5
       Potion            |       |       |     1 ||     1
 Stab: Sleeping          |       |     3 |       ||     3
  Eat: Chunk             |    13 |    20 |    12 ||    45
Armor: Robe              |    18 |    45 |    53 ||   116
Dodge: Dodged            |    40 |    70 |    66 ||   176

Table legend:
 A = Non-vault XP
 B = Vault XP
 C = Vault XP percentage of total XP
 D = Non-vault monster count
 E = Vault monster count
 F = Vault count percentage of total count
                 A         B        C        D         E       F
            +---------+---------+-------+---------+---------+-------
      Total |    1584 |     351 |  18.1 |     105 |      13 |  11.0
            +---------+---------+-------+---------+---------+-------
        D:1 |      34 |       0 |   0.0 |      19 |       0 |   0.0
        D:2 |     168 |      35 |  17.2 |      20 |       1 |   4.8
        D:3 |     201 |      16 |   7.4 |      26 |      11 |  29.7
        D:4 |     326 |     300 |  47.9 |      11 |       1 |   8.3
        D:5 |     753 |       0 |   0.0 |      28 |       0 |   0.0
        D:7 |     102 |       0 |   0.0 |       1 |       0 |   0.0
            +---------+---------+-------+---------+---------+-------
